 Dungeon Crawl Stone Soup version 0.31.0-10-gcf4a605ca0 (webtiles) character file.

Game seed: 4665179743200514138

115 Ychaviel the Cudgeller (level 5, -7/32 HPs)
             Began as a Gargoyle Gladiator on Jan 26, 2024.
             Mangled by an ogre
             ... wielding a +0 giant club
              (28 damage)
             ... on level 2 of the Dungeon.
             The game lasted 00:07:09 (1480 turns).

Ychaviel the Cudgeller (Gargoyle Gladiator)         Turns: 1480, Time: 00:07:10

Health: -7/32      AC: 14    Str: 19    XL:     5   Next: 0%
Magic:  5/5        EV:  7    Int:  9    God:
Gold:   114        SH:  7    Dex: 11    Spells: 4/4 levels left

rFire   + . .        a - +0 flail
rCold   + . .        g - +0 kite shield
rNeg    + . .        l - +0 chain mail
rPois   ∞            c - +0 helmet
rElec   +            b - scarf {rC+ rF+}
rCorr   .            (no gloves)
SInv    .            (no boots)
Will    .....        (no amulet) Stlth
                     (no ring)
HPRegen 0.25/turn    (no ring)
MPRegen 0.09/turn

%: no passive effects
@: no status effects
A: sickness immunity, AC +4, negative energy resistance 1, electricity
resistance, torment resistance 1, petrification resistance
a: no special abilities


You were on level 2 of the Dungeon.
You visited 1 branch of the dungeon, and saw 3 of its levels.

You collected 114 gold pieces.

Inventory:

Hand Weapons
 a - a +0 flail (weapon)
Missiles
 d - 5 throwing nets (quivered)
 e - a javelin
Armour
 b - a scarf of resistance (worn)
 c - a +0 helmet (worn)
 g - a +0 kite shield (worn)
 h - a +0 ring mail
 i - a +0 cloak
 l - a +0 chain mail (worn)
Scrolls
 f - a scroll of teleportation {unknown}
 j - a scroll of vulnerability {unknown}
 k - a scroll of fear {unknown}
 m - a scroll of fog {unknown}
 o - a scroll of identify {unknown}
Potions
 n - 2 potions of haste {unknown}
 p - a potion of heal wounds {unknown}


   Skills:
 + Level 3.6 Fighting
 + Level 4.0 Maces & Flails
 - Level 1.7 Throwing
 + Level 2.5 Armour
 - Level 2.4 Dodging


You had 4 spell levels left.
You didn't know any spells.
Your spell library contained the following spells:

 Spells                   Type           Power      Damage    Failure   Level
 Magic Dart               Conj           0%         1d3       100%        1
 Jinxbite                 Hex            0%         N/A       100%        2
 Searing Ray              Conj           0%         2d4       100%        2
 Fulminant Prism          Conj/Alch      0%         3d5       100%        4
 Yara's Violent Unravell  Hex/Alch       0%         3d3       100%        5
 Enfeeble                 Hex            0%         N/A       100%        7


Dungeon Overview and Level Annotations

Branches:
Dungeon (3/15)

Altars:

Shops:
D:1 !


Innate Abilities, Weirdness & Mutations

You are immune to sickness and miasma.
Your stone body is resilient. (AC +4)
You are immune to poison.
You resist negative energy. (rN+)
You are resistant to electric shocks. (rElec)
You are resistant to unholy torment.
You are immune to petrification.


Message History

You hit the ball python.
The ball python is severely wounded.
The ball python bites you but does no damage.
The ball python constricts you.
You closely miss the ball python.
The ball python is severely wounded.
The ball python bites you but does no damage.
The ball python constricts you.
The ball python bites you but does no damage.
The ball python constricts you.
You sock the ball python!
You kill the ball python!
You have reached level 5!
p - a lumpy white potion A quokka and an ogre come into view.
The ogre shouts!
You see here a +0 dire flail.
There is a stone staircase leading up here.
You climb upwards.
There is a stone staircase leading down here.
Okay, then.
Unknown command.
You can't go up here!
You climb downwards.
You block the quokka's attack. The quokka barely misses you.
There is a stone staircase leading up here.
Unknown command.
Unknown command.
Unknown command.
The quokka bites you but does no damage.
The ogre hits you with a +0 giant club!
You climb upwards.
There is a stone staircase leading down here.
You block the quokka's attack. The quokka barely misses you.
The quokka attacks as it pursues you! You block the quokka's attack.
The ogre attacks as it pursues you!
The ogre hits you with a +0 giant club!!
Ouch! That really hurt!
You die...

#####..###....
####.....####†###
#####....######...#
#......### ##.###
#......# #..# #......#
#.## #......# ####.#
#......# #....#
####@#### #.####
#.rO..###.# #
#.......#.# ####
##.#>.....######...
#####.##..............
#...####+##########...
#...#.......#..#......
#...#.⌠...⌠.##...##..)
#...#.......###..##...


You could see an ogre and a quokka.

Vanquished Creatures
  Crazy Yiuf (D:2)
  Terence (D:2)
  An adder (D:2)
  2 dart slugs
  3 ball pythons
  3 bats (D:1)
  3 endoplasms
  3 giant cockroaches
  6 hobgoblins
  4 quokkas
  2 frilled lizards
  4 goblins
  7 kobolds
  6 rats
46 creatures vanquished.

Notes
Turn   | Place    | Note
-------+----------+-------------------------------------------
     0 | D:1      | Ychaviel the Gargoyle Gladiator began the quest for the
                  | Orb.
     0 | D:1      | Reached XP level 1. HP: 12/12 MP: 1/1
    73 | D:1      | Found Giruet's Distillery.
   115 | D:1      | Reached XP level 2. HP: 18/18 MP: 2/2
   212 | D:1      | Reached skill level 1 in Armour
   346 | D:1      | Found a faded altar of an unknown god.
   391 | D:1      | Reached XP level 3. HP: 22/22 MP: 3/3
   838 | D:2      | Noticed Terence
   855 | D:2      | Killed Terence
   856 | D:2      | Reached XP level 4. HP: 22/28 MP: 4/4
  1142 | D:2      | Found a runed translucent door.
  1143 | D:2      | Noticed Crazy Yiuf
  1257 | D:2      | Killed Crazy Yiuf
  1366 | D:3      | Reached skill level 4 in Maces & Flails
  1451 | D:3      | Reached XP level 5. HP: 32/32 MP: 5/5
  1459 | D:3      | Noticed an ogre
  1480 | D:2      | Mangled by an ogre

Illustrated notes

Levels and vault maps discovered:
D:1:      saegor_arrival_simple_d, layout_rooms, serial_shops,
          nicolae_shop_just_a_little_nook,
          hellmonk_ecumenical_altar_pennies_from_heaven
D:2:      layout_rooms, minmay_fountain_box, uniq_terence,
          uniq_crazy_yiuf_cottage
D:3:      cheibrodos_fertilizer, layout_basic, lemuel_round_altar,
          mainiacjoe_overflow_big_doors, kennysheep_path_1, uniq_natasha

Skill      XL: |  1  2  3  4 |
---------------+-------------+-----
Armour         | 1 2 |  2.5
Fighting       | 3 |  3.6
Maces & Flails | 4 |  4.0
Throwing       | |  1.7
Dodging        | |  2.4

Action                     |  1- 3 |  4- 6 || total
---------------------------+-------+-------++-------
  Melee: Flail             |    79 |    59 ||   138
    Use: Potion            |       |     2 ||     2
 Armour: Leather armour    |    11 |       ||    11
         Ring mail         |    48 |       ||    48
         Chain mail        |       |    55 ||    55
  Dodge: Dodged            |    24 |    14 ||    38
  Block: Kite shield       |    20 |    24 ||    44
